[Event "Polish Youth B18 Championship 2023"]
[Site "Jastrzebia Gora"]
[Date "2023.03.15"]
[Round "5.14"]
[White "Pieczulis, Blazej"]
[Black "Stachecki, Mikolaj"]
[Result "0-1"]
[ECO "E61"]
[WhiteElo "1784"]
[BlackElo "2015"]
[Annotator "TA"]
[PlyCount "140"]
[EventDate "2023.03.11"]
[EventType "swiss"]
[EventCountry "POL"]
[SourceTitle "playchess.com"]
[Source "ChessBase"]
[SourceQuality "1"]
[TimeControl "40/5400+30:1800+30"]

1. d4 Nf6 2. c4 g6 3. Nc3 Bg7 4. Bg5 d6 5. Nf3 O-O 6. e3 c5 7. d5 h6 8. Bh4 g5 9. Bg3 Nh5 {[%emt 0:00:09] E61: King's Indian: Early deviations for White, including Smyslov System.} 10. Nd2 Nxg3 11. hxg3 f5 {[%emt 0:01:13] The position is equal. is the legacy move (11...e6).} 12. f4 e5 $1 13. dxe6 {[%emt 0:18:29] [#]} (13. Qh5 $5 ) 13... Re8 $146 (13... Nc6 $11) ({Predecessor:} 13... Bxe6 14. Qc2 Nc6 15. a3 a6 16. O-O-O b5 17. cxb5 axb5 18. Bxb5 Nb4 19. axb4 cxb4 20. Na4 Qa5 {1-0 Pastar,S (2323)-Farkas,S (2041) Battle of Senta op 24th 2020 (1)}) 14. Kf2 ({White should try} 14. Qh5 $14) 14... Bxe6 $11 15. Bd3 Nc6 16. Nd5 Ne7 17. Qc2 Rf8 ({Don't play} 17... Bxd5 18. cxd5 gxf4 19. gxf4 $14) 18. Rae1 Nxd5 19. cxd5 Bxd5 (19... Bd7 $11) 20. Bxf5 $14 Qf6 21. Be4 (21. Bd3 $14 {should be considered.}) 21... Bxe4 $11 22. Qxe4 Qf7 23. b3 (23. Nf3 $5 Rae8 24. Qc2 $11) 23... d5 24. Qc2 b6 25. Nf3 Qf5 (25... gxf4 $11 26. gxf4 Rfe8) 26. Qxf5 $16 Rxf5 27. g4 ({White should play} 27. fxg5 $16 hxg5 28. Rh5) 27... Rf7 $11 28. fxg5 hxg5 29. Rh5 Bf6 30. Ke2 Rg7 31. Rf1 Re8 32. Kd2 (32. Rh6 $11 {keeps the balance.} Re6 33. Kd1) 32... Re4 (32... Rg6 $17) 33. Rh6 Re6 {[%emt 0:06:31][%cal Of6c3] ...Bc3+! would be deadly.} 34. Kd3 {[%emt 0:01:08] Repels Bc3. Black converts the advantage convincingly.} (34. Kc2 $11 {and White is okay.}) 34... Rge7 $36 {[%emt 0:03:30][%mdl 2048] Keeping White busy.} 35. Re1 (35. Nd2 $142 Rxe3+ 36. Kc2) 35... Kg7 36. Rh5 {[%emt 0:00:11] [#]} Kg6 37. Nd2 b5 {[%emt 0:00:50] ...Ra6 is the strong threat.} 38. Rh3 (38. Reh1 $142 Rxe3+ 39. Kc2) 38... c4+ 39. bxc4 dxc4+ 40. Kc2 Ra6 41. Kb1 c3 42. Nb3 {[%emt 0:00:40] [#]} c2+ $1 {[%emt 0:00:46][%mdl 576] Decoy} 43. Kxc2 Rxa2+ 44. Kd3 Rxg2 45. Nc5 (45. Reh1 {is a better chance.}) 45... Rxg4 {[%emt 0:01:25] Strongly threatening ...Rc4.} 46. Reh1 Bg7 {[%emt 0:02:15] Dodges Rh6+. And now ...Rc4 would win.} 47. Rb1 b4 48. Rh2 Rc7 49. Nb3 (49. Rc1) 49... Rc3+ 50. Kd2 Re4 51. Re2 g4 52. Nc1 a5 53. Nd3 Bh6 {[%emt 0:01:06] ( -> ...Rd4)} 54. Rh1 Bg5 {[%emt 0:01:01] Hoping for ...Rd4.} 55. Nf4+ Bxf4 {[%emt 0:00:09] Black mates.} 56. exf4 Rxe2+ 57. Kxe2 {[%emt 0:00:04] KR-KR} a4 58. Kd2 Rf3 59. Rb1 Rxf4 60. Ke3 Kf5 61. Rc1 Rf3+ 62. Kd4 g3 63. Rc8 Kg4 64. Ke4 Rf5 65. Rg8+ Rg5 66. Rd8 g2 67. Rd1 Kg3 68. Ke3 Kh2 69. Kf2 g1=Q+ 70. Rxg1 Rf5+ {[%emt 0:00:03] Weighted Error Value: White=0.55/Black=0.27 (precise)} 0-1

[Event "Polish Youth B18 Championship 2023"]
[Site "Jastrzebia Gora"]
[Date "2023.03.15"]
[Round "5.15"]
[White "Krasniewski, Szymon"]
[Black "Syrkiewicz, Michal"]
[Result "1-0"]
[ECO "A84"]
[WhiteElo "1771"]
[BlackElo "2000"]
[Annotator "TA"]
[PlyCount "119"]
[EventDate "2023.03.11"]
[EventType "swiss"]
[EventCountry "POL"]
[SourceTitle "playchess.com"]
[Source "ChessBase"]
[SourceQuality "1"]
[TimeControl "40/5400+30:1800+30"]

1. d4 f5 2. c4 d6 3. Nf3 Nf6 4. Nc3 g6 5. g3 Bg7 6. Bg2 O-O 7. O-O Qe8 8. Re1 Qf7 9. Qd3 h6 10. b3 Nc6 11. Ba3 {[%emt 0:16:07] [#]} Rd8 $146 {[%emt 0:17:39] A87: Dutch Defence: Leningrad System: 5 Nf3.} (11... Ne4 $11 {keeps the balance.}) ({Predecessor:} 11... Ne4 12. Rad1 e5 13. dxe5 Nxc3 14. Qxc3 Re8 15. Nd4 Nxd4 16. Qxd4 dxe5 17. Qd2 e4 18. Bb2 b6 19. Bxg7 Kxg7 {½-½ Umansky,M (2527)-Kruse,H (2522) CFriend AS CFC Simul 002 email 2004}) 12. Rad1 Bd7 13. d5 Ne5 {[%emt 0:03:54] White is better.} 14. Qc2 g5 15. Nd4 Qg6 ({Black should try} 15... f4 $14) 16. e3 {[%emt 0:02:24] And now f4 would win.} g4 17. Nce2 Rdc8 (17... Ne4 $16 {was necessary.}) 18. Nf4 $18 Qg5 (18... Qf7 $16 19. Nxf5 Bxf5 20. Qxf5 Nh7 21. Qxf7+ Kxf7) 19. Nfe6 Bxe6 20. dxe6 Ne4 {[%emt 0:00:15] [#]} 21. Nxf5 $1 Qxf5 22. Qxe4 ({Of course not} 22. Bxe4 $6 Nf3+ 23. Kf1 Nxe1 24. Rxe1 Qa5 $11) 22... Qxe4 23. Bxe4 Nf3+ 24. Bxf3 gxf3 25. e4 Rf8 26. Rd3 Rf6 27. Bb2 {[%emt 0:00:21] White is more active.} Rxe6 28. Bxg7 Kxg7 29. Rxf3 $16 {[%emt 0:00:05][%mdl 4096] Endgame KRR-KRR} c6 30. Rfe3 Rb8 31. Rc1 c5 (31... Re5 $16 32. f4 Rh5) 32. f4 $18 b5 33. Kf2 Rb6 34. cxb5 Rxb5 35. Rc4 Ra5 36. Rc2 Kf7 37. Kf3 Rg6 (37... Ra3 $16 {keeps fighting.} 38. Ree2 a5) 38. g4 Rg8 39. h4 Rh8 40. Rd3 (40. e5 $142) 40... Ra6 (40... Ra3 {might work better.} 41. e5 dxe5 42. Rxc5 (42. fxe5 c4 $16) 42... exf4) 41. Kg3 Kf6 42. Rcd2 Rc6 43. Rc2 Ra6 $1 44. Rd5 Rb8 45. g5+ hxg5 46. hxg5+ ({Not} 46. Rxg5 Ra3 47. Kg4 c4 48. bxc4 Re3 $18) 46... Kg6 47. Kg4 Rh8 48. Rdd2 Rh1 49. Rh2 {[%emt 0:01:13] Repels Rc6} Rg1+ 50. Rcg2 Ra1 (50... Rxg2+ 51. Rxg2 Kg7) 51. Rh6+ (51. f5+ $142 Kg7 52. g6) 51... Kg7 52. Rhh2 (52. Rgh2 $142 R1xa2 53. Rh7+ {[%mdl 64] Skewer} Kg8 54. Rh8+ Kf7 55. R2h7+ Ke6 56. Re8) 52... Kg6 $1 53. f5+ Kg7 54. g6 {[%emt 0:02:44] Threatening mate with Rh7+.} Kf6 55. Kh5 (55. e5+ $142 dxe5 56. Rh7) 55... Kg7 56. Kg5 {[%emt 0:00:07] White mates.} d5 57. e5 c4 {[%emt 0:00:15] [#]} 58. f6+ $1 exf6+ 59. exf6+ Kg8 60. f7+ {[%emt 0:00:11] Weighted Error Value: White=0.32/Black=0.45} 1-0

[Event "Polish Youth B18 Championship 2023"]
[Site "Jastrzebia Gora"]
[Date "2023.03.15"]
[Round "5.16"]
[White "Kitewski, Bartosz"]
[Black "Paprocki, Antoni"]
[Result "1/2-1/2"]
[ECO "B18"]
[WhiteElo "1968"]
[BlackElo "2255"]
[Annotator "TA"]
[PlyCount "166"]
[EventDate "2023.03.11"]
[EventType "swiss"]
[EventCountry "POL"]
[SourceTitle "playchess.com"]
[Source "ChessBase"]
[SourceQuality "1"]
[TimeControl "40/5400+30:1800+30"]

1. e4 c6 2. d4 d5 3. Nc3 dxe4 4. Nxe4 Bf5 5. Ng3 Bg6 6. h4 h6 7. Nh3 e6 8. Nf4 Bh7 9. Bc4 Nf6 10. c3 Bd6 11. O-O {[%emt 0:02:09] B18: Classical Caro-Kann: 4...Bf5 sidelines.} O-O 12. Re1 Kh8 13. Qf3 Nbd7 {[%emt 0:00:56] [#]} 14. Nd3 $146 (14. Bd3 {is interesting.} e5 15. Nfh5 Bxd3 16. Qxd3 Nxh5 17. Nxh5 Qxh4 18. Qf5) ({Predecessor:} 14. Bd3 Bxd3 15. Nxd3 Qc7 16. Ne4 Nxe4 17. Rxe4 c5 18. dxc5 Nxc5 19. Nxc5 Bxc5 20. Bf4 {1-0 Sevian,S (2660)-Kobalia,M (2614) PNWCC Online blitz JP 9th 2020 (8)}) 14... b5 15. Bb3 c5 16. Nxc5 Nxc5 17. dxc5 Bxc5 18. Nh5 Nxh5 19. Qxh5 Rc8 20. Bf4 Bg6 21. Qg4 Bf5 22. Qg3 Qb6 23. Rad1 Rfd8 24. a3 a5 25. Be5 f6 26. Rxd8+ Rxd8 27. Bc7 {[%emt 0:01:18] [#]} Bxf2+ {[%emt 0:00:07][%mdl 64] Deflection} 28. Qxf2 Qxc7 29. Bxe6 Bxe6 30. Rxe6 $11 {[%emt 0:00:04][%mdl 4096] Endgame KQR-KQR} Rd1+ 31. Re1 Qd6 32. Rxd1 Qxd1+ {[%emt 0:00:11] KQ-KQ} 33. Kh2 Qd5 34. g3 a4 35. Qe3 h5 36. Qe2 Kh7 37. Qe3 Qe5 38. Qd3+ Kg8 39. Kg2 Kf7 40. Qd7+ Kg6 41. Qd3+ Qf5 42. Qe2 Qd5+ 43. Kh2 Kf7 44. Qe3 Qd1 45. Qa7+ Kg6 46. Qe3 Qc2+ 47. Kh3 Qb1 48. Qe8+ Kh6 49. Qh8+ Qh7 50. Qc8 Qe4 51. Kh2 {[%emt 0:00:52] Prevents Qh1+.} Kg6 52. Qd7 {[%emt 0:00:45] [#]} (52. Qd8 $11) 52... Qc2+ $1 $17 53. Kg1 Qc1+ (53... Qxb2 $6 54. Qe8+ Kh7 55. Qxh5+ Kg8 56. Qe8+ Kh7 57. Qh5+ Kg8 58. Qe8+ Kh7 59. Qh5+ $11) 54. Kg2 Qxb2+ 55. Kh3 Qe2 {[%emt 0:02:05] Prevents Qe8+.} (55... Qxc3 $6 56. Qe8+ Kh7 57. Qxh5+ Kg8 58. Qe8+ Kh7 59. Qh5+ Kg8 60. Qe8+ Kh7 61. Qh5+ $11) 56. Qc7 $2 (56. Qd8 $17) 56... Qc4 $2 (56... Qe4 $19 {[%cal Re4h1] has better winning chances.} 57. Kh2 Qc2+ 58. Kh3 b4 59. axb4 Qe4) 57. Qe7 Kh7 (57... Qxc3 $6 58. Qe8+ Kh7 59. Qxh5+ Kg8 60. Qe8+ Kh7 61. Qh5+ Kg8 62. Qe8+ Kh7 63. Qh5+ $11) 58. Qe8 Qf1+ ({Don't play} 58... Qxc3 $6 59. Qxh5+ Kg8 60. Qe8+ Kh7 61. Qh5+ Kg8 62. Qe8+ Kh7 63. Qh5+ $11) 59. Kh2 Qf2+ 60. Kh3 Qf3 61. Kh2 {[%emt 0:00:23] Repels Qh1+} Qd5 ({Reject} 61... Qxc3 $6 62. Qxh5+ Kg8 63. Qe8+ Kh7 64. Qh5+ Kg8 65. Qe8+ Kh7 66. Qh5+ $11) 62. Qc8 (62. Qe2 $142) 62... Qe5 {[%emt 0:03:38] ...Qe2+ is the strong threat.} 63. Qd7 f5 ({Not} 63... Qxc3 64. Qxb5 Qc2+ 65. Kh3 $17) (63... Kh6 $142 64. Qc8 Qe4) 64. Qd2 Qe4 (64... Qc5 $17 65. Qd7 f4 66. Qd3+ g6 67. Qd7+ Kg8 68. Qe6+ Kg7 69. Qd7+ Kf6 70. Qd8+ Qe7 71. Qb6+ Qe6 72. Qd8+ Qe7 73. Qb6+ Qe6 74. Qd8+ Qe7) 65. Qd1 $1 $11 Qg4 {[%emt 0:05:14] The position is equal.} 66. Qd3 Kh6 {[%emt 0:01:56] And now ...f4 would win.} 67. Qxb5 f4 68. Qd3 {[%emt 0:01:18] Active counter play!} fxg3+ 69. Qxg3 Qxg3+ 70. Kxg3 {[%emt 0:00:09] K3P-K3P} g5 $1 71. c4 Kg6 {[%emt 0:00:43] ( -> ...g4)} 72. c5 {[%emt 0:00:27] White wants to mate with c6.} gxh4+ $1 73. Kxh4 {[%emt 0:00:04] Intending c6 and mate.} Kf6 74. Kxh5 {[%emt 0:01:26] KPP-KP} Ke6 75. Kg4 Kd5 76. Kf4 Kxc5 {[%emt 0:00:06] KP-KP} 77. Ke3 Kc4 78. Kd2 Kb3 79. Kc1 Kxa3 80. Kb1 Kb3 81. Ka1 a3 82. Kb1 a2+ 83. Ka1 Ka3 {[%emt 0:00:04] Black had all chances to win.   Weighted Error Value: White=0.24 (precise) /Black=0.20 (precise)} 1/2-1/2

[Event "Polish Youth B18 Championship 2023"]
[Site "Jastrzebia Gora"]
[Date "2023.03.15"]
[Round "5.17"]
[White "Kozlowski, Franciszek"]
[Black "Kotowicz, Kamil"]
[Result "1/2-1/2"]
[ECO "A45"]
[WhiteElo "1829"]
[BlackElo "1828"]
[Annotator "NA RC COMBH"]
[PlyCount "68"]
[EventDate "2023.03.11"]
[EventType "swiss"]
[EventCountry "POL"]
[SourceTitle "playchess.com"]
[Source "ChessBase"]
[SourceQuality "1"]
[TimeControl "40/5400+30:1800+30"]

1. d4 Nf6 2. Bf4 c5 3. e3 d5 4. c3 Nc6 5. Nd2 e6 6. Ngf3 Be7 7. h3 Bd6 8. Bxd6 {[%emt 0:04:28] The old main line.} Qxd6 9. Bb5 O-O 10. O-O cxd4 11. exd4 a6 12. Bd3 Bd7 13. Re1 Ne7 14. Ne5 Ng6 15. Nxg6 {[%emt 0:01:16] [#]} (15. a4 $142) 15... hxg6 $146 ({Predecessor:} 15... fxg6 16. Nf3 Nh5 17. Ne5 Nf4 18. Qd2 Rf6 19. Ng4 Rff8 20. Ne5 g5 21. Re3 Be8 22. Kh2 Bg6 23. Bxg6 Nxg6 {½-½ Sukhareva,E (2125)-Charochkina,D (2344) RUS-chT blitz (Women) 2018 (1.2)}) 16. Nf3 b5 17. Qd2 Rfb8 18. a3 Be8 (18... a5 $11) 19. Ne5 Nd7 20. Ng4 a5 21. Qe2 Nb6 22. h4 b4 (22... Qe7 $11) 23. axb4 axb4 24. Ne5 bxc3 25. bxc3 Rxa1 26. Rxa1 Qc7 27. Rc1 Qe7 28. Rb1 Nd7 (28... Qxh4 $5 29. Nxg6 Qd8 $11) 29. Rxb8 Nxb8 30. h5 gxh5 31. Qxh5 g6 32. Qe2 Nd7 33. Ng4 $11 Nf6 34. Ne5 Kg7 1/2-1/2

[Event "Polish Youth B18 Championship 2023"]
[Site "Jastrzebia Gora"]
[Date "2023.03.15"]
[Round "5.18"]
[White "Malik, Maciej"]
[Black "Kossowski, Pawel"]
[Result "1/2-1/2"]
[ECO "C45"]
[WhiteElo "2163"]
[BlackElo "1766"]
[Annotator "TA"]
[PlyCount "70"]
[EventDate "2023.03.11"]
[EventType "swiss"]
[EventCountry "POL"]
[SourceTitle "playchess.com"]
[Source "ChessBase"]
[SourceQuality "1"]
[TimeControl "40/5400+30:1800+30"]

1. e4 e5 2. Nf3 Nc6 3. d4 exd4 4. Nxd4 Bc5 5. Nb3 Bb4+ 6. c3 Be7 7. Be2 {[%emt 0:17:38] C45: Scotch Game.} Nf6 8. Qc2 (8. N1d2 $11) 8... d5 $15 9. N1d2 {[%emt 0:04:14] [#] Black is slightly better.} O-O $146 (9... a5 $5 ) ({Predecessor:} 9... Be6 10. O-O Qd7 11. Bb5 dxe4 12. Bxc6 Qxc6 13. Nd4 Qd5 14. Nxe6 Qxe6 15. Qa4+ c6 {1-0 Pyatnitsyn,M (1803)-Shilnikov,I (1979) Nizhnij Novgorod Dubinin Memorial 15th 2008}) 10. O-O Re8 11. Bf3 Ne5 {[%emt 0:04:04] aiming for ...Nxf3+.} 12. exd5 Nxf3+ 13. Nxf3 Qxd5 14. Qd2 {[%emt 0:03:33] White is weak on the light squares} Bg4 15. Qxd5 Nxd5 16. Nfd4 c5 17. Nc2 b6 18. Ne3 Nxe3 19. Bxe3 a5 20. Nd2 Be6 {[%emt 0:02:06] Dodges Nc4} 21. Rfd1 Red8 22. Kf1 Rd3 23. Ke2 Rad8 24. h3 a4 25. Rdc1 Bc8 26. b3 Ba6 27. Nc4 {[%emt 0:04:37][%cal Oe3d4] [#]} Bf6 $1 {[%emt 0:07:43] Wards off Bd4} 28. Rd1 axb3 (28... Bxc3 $2 29. Rxd3 Rxd3 30. Rc1 Rxe3+ 31. fxe3 (31. Kxe3 Bd4+ 32. Kf4 axb3 $16) 31... axb3 32. axb3 $18) (28... Rxc3 $17 {Strongly threatening ...Rxd1.} 29. Rxd8+ Bxd8) 29. axb3 $11 Bxc4 (29... Rxc3 $2 30. Rxd8+ Bxd8 31. Rxa6 $18) 30. bxc4 {[%emt 0:00:03] The position is equal.} Rxd1 (30... Rxc3 $2 31. Rxd8+ Bxd8 32. Ra8 $18) 31. Rxd1 Rxd1 32. Kxd1 Bxc3 $17 {[%emt 0:00:35] KB-KB} 33. Kc2 Be5 34. Kb3 Kf8 35. Ka4 Ke8 {[%emt 0:09:34] Weighted Error Value: White=0.14 (very precise) /Black=0.13 (very precise)} 1/2-1/2

[Event "Polish Youth B18 Championship 2023"]
[Site "Jastrzebia Gora"]
[Date "2023.03.15"]
[Round "5.19"]
[White "Smuda, Tomasz"]
[Black "Jedraszek, Pawel"]
[Result "1/2-1/2"]
[ECO "E92"]
[WhiteElo "1654"]
[BlackElo "1944"]
[Annotator "TA"]
[PlyCount "83"]
[EventDate "2023.03.11"]
[EventType "swiss"]
[EventCountry "POL"]
[SourceTitle "playchess.com"]
[Source "ChessBase"]
[SourceQuality "1"]
[TimeControl "40/5400+30:1800+30"]

1. Nf3 Nf6 2. c4 g6 3. Nc3 Bg7 4. e4 d6 5. d4 O-O 6. Be2 e5 7. dxe5 dxe5 8. Qxd8 Rxd8 9. Bg5 Re8 10. Nd5 Nxd5 11. cxd5 c6 12. Bc4 cxd5 13. Bxd5 Nc6 14. O-O-O $1 {[%emt 0:00:32] The main line 14.0-0-0 scores better than 14.Bxc6.} a5 {[%emt 0:21:59] [#] E92: King's Indian: Classical: 6 Be2 e5: 7 dxe5, 7 Be3 and Petrosian System without 7...Nbd7.} 15. Bxc6 $146 (15. Kb1 $14) ({Predecessor:} 15. Kb1 a4 16. Be3 h6 17. Rd2 Rb8 18. a3 Ne7 19. Ba2 b5 20. Bc5 Bb7 21. Re1 Ba8 22. Bb4 {1-0 Kovacs,A (2264)-Jovanovic,B (2211) LSS SM-2008-0-00026}) 15... bxc6 $11 16. Rd6 Be6 {[%emt 0:02:12] Black has an edge.} 17. Kb1 Rec8 {[%emt 0:06:59] Black is weak on the dark squares} 18. Rhd1 h6 19. Rd8+ Kh7 20. Rxc8 Rxc8 21. Be3 a4 22. Rc1 {[%emt 0:02:26] White is more active.} f5 {[%emt 0:07:29] [#]} 23. Nd2 ({Better is} 23. Rc5 $1 $16) 23... Bf8 24. f3 (24. Nc4 $14 {deserves consideration.}) 24... Bd6 (24... Rd8 $5 25. Nc4 (25. Rxc6 f4 $15) 25... Bg7 $11) 25. Nc4 (25. Bc5 $5 Bb8 26. Nc4 $11) 25... Bc7 {[%emt 0:00:14] The position is equal.} 26. b4 axb3 27. axb3 Kg7 28. Kb2 Kf6 29. Kc3 Ra8 30. Rc2 h5 31. Bc5 Ra6 32. Nb2 Ba5+ 33. b4 Bc7 34. Nc4 Ra8 35. Rd2 Bxc4 36. Kxc4 {[%emt 0:00:09][%mdl 4096] Endgame KRB-KRB} Ke6 {[%emt 0:00:05] Prevents Rd7} 37. Kb3 Ra1 38. Ra2 Rxa2 39. Kxa2 Bd8 40. Kb3 Bc7 41. Kc4 Bd8 42. Be3 {[%emt 0:02:35] Weighted Error Value: White=0.12 (very precise) /Black=0.09 (flawless)} 1/2-1/2

[Event "Polish Youth B18 Championship 2023"]
[Site "Jastrzebia Gora"]
[Date "2023.03.15"]
[Round "5.20"]
[White "Pisarek, Jan"]
[Black "Bem, Tymoteusz"]
[Result "1-0"]
[ECO "B31"]
[WhiteElo "1931"]
[BlackElo "1748"]
[Annotator "TA"]
[PlyCount "71"]
[EventDate "2023.03.11"]
[EventType "swiss"]
[EventCountry "POL"]
[SourceTitle "playchess.com"]
[Source "ChessBase"]
[SourceQuality "1"]
[TimeControl "40/5400+30:1800+30"]

1. e4 c5 2. Nf3 Nc6 3. Bb5 g6 4. O-O Bg7 5. c3 e5 6. d4 cxd4 7. cxd4 Nxd4 8. Nxd4 exd4 9. Bf4 {[%emt 0:10:37] 9.Bf4 scores better than 9.e5.} Ne7 {[%emt 0:01:51] B31: Sicilian: 2...Nc6 3 Bb5 g6.} 10. Bd6 ({White should play} 10. Nd2 $14) 10... Qb6 $11 11. Bxe7 Kxe7 {[%emt 0:00:02] The position is equal.} 12. Bc4 {[%emt 0:03:43][%cal Oe4e5] [#]} Rd8 $146 (12... Qxb2 13. Nd2 $11) (12... d6 {simplifies} 13. Nd2 Be6 14. Bd3 Rac8) ({Predecessor:} 12... Re8 13. Qf3 Qf6 14. Qa3+ Qd6 15. Qb3 Qb6 16. Bxf7 Qxb3 17. Bxb3 d6 18. Nd2 Be6 {½-½ Caletka,R (2299)-Paulus,V (2060) CZE-ch Betsys Online Blitz 2021 (4)}) 13. Qf3 d5 14. exd5 {[%emt 0:05:55][%cal Od5d6] And now d6+! would win.} Qd6 15. Nd2 {[%emt 0:01:11] Threatens to win with Ne4.} f5 {[%emt 0:01:05] Prevents Ne4} (15... Qf6 $11 {and Black stays safe.}) 16. Rfe1+ (16. Qh3 h5 $14) 16... Kf8 17. Bb3 {[%emt 0:09:25] aiming for Ne4.} (17. Ne4 {feels hotter.} Qb4 18. b3 Re8 19. a3) 17... Qf6 (17... Bf6 $16) 18. Rac1 $1 $18 Bd7 $2 {[%emt 0:09:44] [#]} (18... Bh6 {is more resistant.} 19. Qd3 Bf4) 19. Rc7 $2 ({White must play} 19. d6 $1 $18 {Threatening mate with Qd5.} Qxd6 20. Ne4 (20. Qxb7 Rac8 $14)) 19... Qd6 (19... Rac8 $1 $14 20. Rxb7 Qa6) 20. Rxb7 {[%emt 0:01:55][%cal Oe1e6] Re6! is the strong threat.} Re8 {[%emt 0:02:45] Against Re6. Black is weak on the light squares} 21. Rxe8+ Rxe8 {[%emt 0:00:40] [#]} 22. g3 $1 $36 {[%emt 0:00:22][%mdl 2048] Black is under strong pressure.} (22. Rxa7 $2 {loses.} Re1+ 23. Nf1 Bb5 $19) 22... Re1+ (22... Rd8 {might work better.} 23. Nc4 (23. Rxa7 Qb6 $18) 23... Qe7 24. Rxa7 Qe1+ 25. Kg2 Qe4) 23. Kg2 {[%emt 0:00:03] Strongly threatening Nc4.} Be8 24. Rxa7 Qc5 (24... Qb8 {is a better defense.}) 25. Ra8 Qc1 $2 (25... Bh6 $18 26. Qd3 Kg7) 26. Qd3 (26. d6 $142 Bf6 27. Qb7 Be7 28. d7 {[%mdl 64] Pin} Kg7 29. dxe8=Q Kh6 30. Ra7 Rg1+ 31. Kh3) 26... Rg1+ 27. Kh3 Re1 {[%emt 0:07:54] Prevents Qe2.} 28. Nf3 Re4 29. d6 {[%emt 0:01:42] White wants to mate with d7.} Bf6 30. d7 {[%emt 0:00:57][%mdl 64] Pin} Qc6 31. Rxe8+ (31. dxe8=R+ $142 Rxe8 32. Ra6 {[%mdl 64] Skewer, Deflection}) 31... Kg7 32. d8=Q {[%cal Od3e4] Qxe4! would kill now.} Bxd8 33. Rxd8 {[%emt 0:01:09] White mates.} g5 34. Nxg5 Qh6+ 35. Kg2 Qxg5 36. Rg8+ {[%emt 0:00:07] Weighted Error Value: White=0.30/Black=1.20} 1-0

[Event "Polish Youth B18 Championship 2023"]
[Site "Jastrzebia Gora"]
[Date "2023.03.15"]
[Round "5.21"]
[White "Czarniecki, Pawel"]
[Black "Zeissel, Andrzej"]
[Result "0-1"]
[ECO "B20"]
[WhiteElo "1625"]
[BlackElo "1717"]
[Annotator "NA RC COMBH"]
[PlyCount "80"]
[EventDate "2023.03.11"]
[EventType "swiss"]
[EventCountry "POL"]
[SourceTitle "playchess.com"]
[Source "ChessBase"]
[SourceQuality "1"]
[TimeControl "40/5400+30:1800+30"]

1. e4 c5 2. b3 e6 3. Bb2 Nc6 4. Bb5 Qc7 5. Bxc6 Qxc6 6. d3 Nf6 7. Qf3 Be7 8. Qg3 O-O 9. h4 d5 10. e5 Nd7 11. h5 c4 12. d4 cxb3 13. Qxb3 b6 14. Qd3 a5 15. Ne2 Ba6 16. Qd2 Rfc8 17. c3 Qc4 18. Rh3 b5 19. Qd1 b4 20. Nd2 Qb5 21. a4 Qc6 22. Nf4 Nb6 23. Rg3 Nc4 24. h6 g6 25. Nxc4 Qxc4 26. Ne2 Rab8 27. Rc1 Qa2 28. cxb4 Qxb2 29. Rxc8+ Rxc8 30. b5 Bb7 31. Kf1 Rc2 32. f4 Bb4 33. Rd3 Qa2 34. Rg3 Rd2 35. Qe1 Rb2 36. Qd1 Rb1 37. Nc1 Qc4+ 38. Kf2 Rxc1 39. Qg4 Qf1+ 40. Ke3 Re1+ 0-1

[Event "Polish Youth B18 Championship 2023"]
[Site "Jastrzebia Gora"]
[Date "2023.03.15"]
[Round "5.22"]
[White "Wesolek, Krzysztof"]
[Black "Sternik, Piotr"]
[Result "0-1"]
[ECO "B13"]
[WhiteElo "1765"]
[BlackElo "1746"]
[Annotator "NA RC COMBH"]
[PlyCount "68"]
[EventDate "2023.03.11"]
[EventType "swiss"]
[EventCountry "POL"]
[SourceTitle "playchess.com"]
[Source "ChessBase"]
[SourceQuality "1"]
[TimeControl "40/5400+30:1800+30"]

1. e4 c6 2. d4 d5 3. exd5 cxd5 4. Nf3 Nc6 5. c3 Qc7 6. g3 Bg4 7. Bf4 Qb6 8. b3 Nf6 9. Bg2 e6 10. O-O Be7 11. h3 Bh5 12. Re1 O-O 13. g4 Bg6 14. Nh4 Bxb1 15. Rxb1 Ne4 16. Bxe4 dxe4 17. Ng2 g5 18. Be3 Qa5 19. Bd2 f5 20. gxf5 Qxf5 21. Qe2 Rf6 22. Ne3 Qxh3 23. Ng4 Rg6 24. Qxe4 Rf8 25. Re3 Qh4 26. Rg3 Bd6 27. Rg2 Bf4 28. Be1 Qh3 29. Rd1 Ne7 30. Rd3 Qh4 31. Kf1 Nf5 32. Ke2 h5 33. Ne3 Bxe3 34. fxe3 Qxe4 0-1

[Event "Polish Youth B18 Championship 2023"]
[Site "Jastrzebia Gora"]
[Date "2023.03.16"]
[Round "6.1"]
[White "Luczak, Filip"]
[Black "Dzida, Kamil"]
[Result "1/2-1/2"]
[ECO "A01"]
[WhiteElo "2345"]
[BlackElo "2333"]
[Annotator "TA"]
[PlyCount "63"]
[EventDate "2023.03.11"]
[EventType "swiss"]
[EventCountry "POL"]
[SourceTitle "playchess.com"]
[Source "ChessBase"]
[SourceQuality "1"]
[TimeControl "40/5400+30:1800+30"]

1. b3 e5 2. Bb2 Nc6 3. e3 Nf6 4. Nf3 e4 5. Nd4 Nxd4 6. Bxd4 Be7 {[%emt 0:00:07] A01: Nimzowitsch-Larsen Opening.} 7. c4 O-O 8. Nc3 c5 9. Bxf6 Bxf6 10. Qc2 Bxc3 11. dxc3 Qe7 12. Be2 b6 {[#]} 13. Rd1 $146 ({Predecessor:} 13. O-O Bb7 14. Rfd1 d6 15. b4 f5 16. g3 Bc6 17. Bf1 Rfd8 18. Rab1 Rab8 19. Be2 Be8 20. Rd5 Qf6 21. Rbd1 {½-½ Ilken,Z (2168)-Coyne,D (2187) W-ch WS/M/325 email 2011}) 13... d6 14. Qd2 Rd8 15. O-O Bb7 16. f4 d5 17. Qc2 Qf6 18. cxd5 Bxd5 19. Rd2 Rd6 20. c4 Bc6 21. Rxd6 Qxd6 22. Rd1 Qf6 23. Qd2 Kf8 24. Bg4 Re8 25. a3 g6 {[%emt 0:03:53] The position is equal.} 26. b4 Ba4 27. Qd6+ Qxd6 28. Rxd6 f5 {[%emt 0:05:51] [#] Threatens to win with ...cxb4.} 29. Be2 Ke7 30. bxc5 Rc8 31. Rd5 Rxc5 32. Rxc5 {[%emt 0:00:22] Weighted Error Value: White=0.03 (flawless) /Black=0.02 (flawless)} 1/2-1/2